 Dungeon Crawl Stone Soup version 0.19.3 (webtiles) character file.

95 theAP the Charlatan (level 4, -1/42 HPs)
             Began as a Troll Artificer on Jan 24, 2017.
             Slain by a worker ant (3 damage)
             ... on level 3 of the Dungeon.
             The game lasted 00:03:27 (1559 turns).

theAP the Charlatan (Troll Artificer)               Turns: 1559, Time: 00:03:29

Health: -1/42      AC:  6    Str: 21    XL:     4   Next: 40%
Magic:  5/5        EV: 10    Int:  7    God:
Gold:   89         SH:  0    Dex: 10    Spells: 0 memorised, 3 levels left

rFire  . . .     SeeInvis .     a - +0 short sword
rCold  . . .     Gourm    +     b - +1 robe
rNeg   . . .     Faith    .     (no shield)
rPois  .         Spirit   .     (helmet restricted)
rElec  .         Reflect  .     (no cloak)
rCorr  .         Harm     .     (gloves unavailable)
MR     .....                    (boots unavailable)
Stlth  +.........               (no amulet)
                                (no ring)
                                (no ring)

@: lethally poisoned (-1 -> -5)
A: unfitting armour, claws 3, fast metabolism 3, gourmand, regeneration 1,
shaggy fur 1, tough skin 2
a: no special abilities


You were on level 3 of the Dungeon.
You were very full.

You visited 1 branch of the dungeon, and saw 3 of its levels.

You collected 89 gold pieces.

Inventory:

Hand Weapons
 a - a +0 short sword (weapon)
Armour
 b - a +1 robe (worn)
Wands
 c - a wand of flame (15/48)
 d - a wand of enslavement (24/24)
 e - a wand of random effects (15/48)
Scrolls
 i - 3 scrolls of recharging
 o - a scroll of teleportation {unknown}
 p - 2 scrolls of identify {unknown}
Potions
 g - 3 potions of mutation {unknown}
 h - a potion of resistance {unknown}
 j - 2 potions of agility {unknown}
 k - a potion of flight {unknown}
 l - 2 potions of magic {unknown}
 m - a potion of brilliance {unknown}
Books
 n - a book of Minor Magic

   Spells                             Type                      Level
   a - Magic Dart                     Conjuration                  1
   b - Blink                          Translocation                2
   c - Call Imp                       Summoning                    2
   d - Repel Missiles                 Charms/Air                   2
   e - Slow                           Hexes                        2
   f - Conjure Flame                  Conjuration/Fire             3
   g - Mephitic Cloud                 Conjuration/Poison/Air       3
Comestibles
 f - 3 bread rations


   Skills:
 + Level 2.0 Fighting
 - Level 0.7 Short Blades
 - Level 1.9 Dodging
 - Level 0.3 Stealth
 + Level 2.0 Unarmed Combat
 + Level 2.7 Evocations


You had 3 spell levels left.
You didn't know any spells.

Dungeon Overview and Level Annotations

Branches:
Dungeon (3/15)

Altars:
Ashenzari
Vehumet


Innate Abilities, Weirdness & Mutations

You are too large for most types of armour.
You have claws for hands.
Your metabolism is lightning-fast.
You like to eat raw meat.
Your natural rate of healing is unusually fast.
You are covered in fur. (AC +1)
You have very tough skin. (AC +2)


Message History

* * * LOW HITPOINT WARNING * * *
You feel sick. The worker ant closely misses you.
The worker ant bites you but does no damage.
You hit the worker ant but do no damage.
The worker ant is severely wounded.
* * * LOW HITPOINT WARNING * * *
You feel sick. The worker ant bites you.
* * * LOW HITPOINT WARNING * * *
You hit the worker ant but do no damage.
The worker ant is severely wounded.
* * * LOW HITPOINT WARNING * * *
You feel sick. The worker ant bites you.
* * * LOW HITPOINT WARNING * * *
You barely miss the worker ant.
The worker ant is severely wounded.
* * * LOW HITPOINT WARNING * * *
You feel sick.
The worker ant bites you but does no damage.
The worker ant bites you.
You die...

#.#.#
#.#.#
#.#.# #
#.#.# #.
#.#.# ##.
#.#.#
#..>#'#a#
#....<@.#
#....)..#
#.......#
##.....##
#######


You could see a worker ant.

Vanquished Creatures
  5 adders (D:2)
  2 worms (D:2)
  2 dart slugs
  A leopard gecko (D:2)
  4 bats
  4 giant cockroaches
  7 goblins
  4 hobgoblins
  2 frilled lizards
  3 kobolds
  8 rats
42 creatures vanquished.

Notes
Turn   | Place    | Note
-------+----------+-------------------------------------------
     0 | D:1      | theAP the Troll Artificer began the quest for the Orb.
     0 | D:1      | Reached XP level 1. HP: 18/18 MP: 1/1
   242 | D:1      | Reached skill level 1 in Fighting
   320 | D:1      | Reached XP level 2. HP: 25/27 MP: 2/2
   806 | D:2      | Reached skill level 1 in Unarmed Combat
   966 | D:2      | Reached XP level 3. HP: 14/33 MP: 3/3
  1219 | D:2      | Reached XP level 4. HP: 35/42 MP: 4/4
  1456 | D:2      | Found a radiant altar of Vehumet.
  1456 | D:2      | Found a shattered altar of Ashenzari.
  1559 | D:3      | HP: 2/42 [poisoned by a worker ant]
  1559 | D:3      | Slain by a worker ant

Skill      XL: |  1  2  3  4 |
---------------+-------------+-----
Fighting       | 1 2 |  2.0
Unarmed Combat | 1 2 |  2.0
Short Blades   | |  0.7
Dodging        | |  1.9
Stealth        | |  0.3
Evocations     | |  2.7

Action                   |  1- 3 |  4- 6 || total
-------------------------+-------+-------++-------
Melee: Short sword       |   144 |    69 ||   213
       Punch             |       |     1 ||     1
  Use: Scroll            |     4 |       ||     4
 Stab: Sleeping          |     1 |     1 ||     2
  Eat: Chunk             |    12 |     2 ||    14
       Bread ration      |     1 |       ||     1
Armor: Robe              |    53 |    19 ||    72
Dodge: Dodged            |    90 |    39 ||   129
